[Event "Summer Chess Classic-B 2022"]
[Site "Saint Louis"]
[Date "2022.06.05"]
[Round "4.4"]
[White "Burke, John M"]
[Black "Checa, Nicolas"]
[Result "1-0"]
[ECO "C11"]
[WhiteElo "2579"]
[BlackElo "2533"]
[Annotator "TA"]
[PlyCount "119"]
[EventDate "2022.05.31"]
[EventType "tourn"]
[EventCountry "USA"]
[SourceTitle "playchess.com"]
[Source "ChessBase"]
[SourceQuality "1"]
[TimeControl "40/5400+30:1800+30"]

1. e4 e6 2. d4 d5 3. Nc3 Nf6 4. e5 Nfd7 5. f4 c5 6. Nf3 Nc6 7. Be3 cxd4 8. Nxd4 Qb6 9. Qd2 Qxb2 10. Rb1 Qa3 11. Bb5 $1 Nxd4 {[%emt 0:00:07] C11: French: Classical System: 4 e5 and 4 Bg5 dxe4.} 12. Bxd4 {[%emt 0:00:04][%cal Of4f5] Threatening f5!} (12. Qxd4 a6 13. Bxd7+ Bxd7 14. Rxb7 Rc8 $17) 12... a6 13. Bxd7+ Bxd7 {[%emt 0:00:05] White is slightly better.} 14. Rb3 Qe7 15. Rxb7 Qh4+ 16. g3 Qd8 17. Bb6 Qc8 18. Rc7 Qd8 19. Qe3 {[%emt 0:00:48][%cal Of4f5] Inhibits Bc5.} (19. Qd4 $5 ) 19... Bb4 20. a3 $36 {[%emt 0:05:31][%mdl 2048] [#] White has the initiative.} Be7 $146 ({Predecessor:} 20... Bxa3 21. f5 Rc8 22. Ra7 Qe7 23. O-O Bc5 24. Bxc5 Qxc5 25. Qxc5 Rxc5 26. Na4 Rc8 {1-0 (38) Ivic,V (2571)-Bluebaum,M (2674) Reykjavik 2021}) 21. f5 O-O 22. O-O {[%emt 0:11:56][%cal Of5f6] Threatens to win with f6!} Bg5 {[%emt 0:03:17] Against f6} 23. Qd4 exf5 {[%emt 0:03:22] [#]} (23... Rb8 $11) 24. h4 $1 $16 ({Weaker is} 24. Qxd5 Be6 25. Qf3 Qd2 $17) 24... Bh6 25. Nxd5 Be6 26. c4 Qb8 $2 {[%emt 0:01:35] Loses the game.} (26... Rb8 $16) 27. Ne7+ $18 Kh8 28. Nxf5 Bxf5 29. Rxf5 Rd8 (29... Qe8 $142 30. Qd5 Qe6 31. Qxe6 (31. Rcxf7 Qxb6+ 32. Kh2 g6 $11) 31... fxe6 32. Rxf8+ Rxf8) 30. Qc5 Rd3 {[%emt 0:00:45] White must now prevent ...Be3+.} 31. Kh2 Be3 {[%emt 0:01:36] [#]} 32. Qc6 $1 Bxb6 33. Rcxf7 {[%emt 0:00:50][%cal Oc6a8] Intending Qxa8! and mate. Active counter play!} Rd2+ 34. Kh3 {[%emt 0:00:25][%cal Oc6a8] White threatens Qxa8! and mate.} Rd8 (34... Rf2 $142 35. Rxf2 Bxf2) 35. Rb7 (35. e6 $142) 35... Qc8 36. Qxc8 Raxc8 37. Rxb6 Rxc4 38. Rxa6 {[%emt 0:00:19][%mdl 4096] Endgame KRR-KRR} Kg8 $2 (38... Re4 39. Ra7 Re3) 39. Ra7 {[%emt 0:01:38] And now Rff7 would win.} Rf8 {[%emt 0:00:43] Prevents Rff7.} 40. Rxf8+ Kxf8 {[%emt 0:00:01] KR-KR} 41. e6 {[%emt 0:30:43][%cal Be5e6,Be6e7][%mdl 32] White is clearly winning.} Rc6 42. e7+ ({Less strong is} 42. Rf7+ Kg8 43. Ra7 (43. Re7 Kf8 $18) 43... Rxe6 $18) 42... Ke8 43. g4 Rc3+ 44. Kg2 Rc4 45. Kg3 {[%emt 0:00:52] aiming for a4.} Rc3+ 46. Kf4 {[%emt 0:00:15] a4 is the strong threat.} Rc4+ 47. Kf5 {[%emt 0:02:14] Hoping for a4.} Rc5+ 48. Ke6 Rc6+ 49. Ke5 (49. Kd5 $142 Rf6 50. Ke5) 49... Rc4 50. Kd6 Rd4+ 51. Ke6 {[%emt 0:00:00] Ra8+ would kill now.} Re4+ 52. Kf5 Rc4 53. a4 Rc1 54. a5 Rf1+ 55. Ke4 Rg1 56. Kf3 Rf1+ 57. Ke2 Rf4 58. a6 Ra4 59. g5 Ra3 60. h5 {[%emt 0:00:00] Weighted Error Value: White=0.20 (precise) /Black=0.43} 1-0

[Event "Summer Chess Classic-B 2022"]
[Site "Saint Louis"]
[Date "2022.06.05"]
[Round "4.5"]
[White "Ali Marandi, Cemil Can"]
[Black "Vazquez, Guillermo"]
[Result "1/2-1/2"]
[ECO "B13"]
[WhiteElo "2532"]
[BlackElo "2557"]
[Annotator "TA"]
[PlyCount "81"]
[EventDate "2022.05.31"]
[EventType "tourn"]
[EventCountry "USA"]
[SourceTitle "playchess.com"]
[Source "ChessBase"]
[SourceQuality "1"]
[TimeControl "40/5400+30:1800+30"]

1. e4 c6 2. d4 d5 3. exd5 cxd5 4. c4 Nf6 5. Nc3 Nc6 6. Nf3 Bg4 7. Be3 e6 8. c5 a6 {[%emt 0:06:31] B13: Caro-Kann: Exchange Variation and Panov-Botvinnik Attack.} 9. Be2 {[%emt 0:10:33] [#]} g6 $146 ({Predecessor:} 9... Be7 10. Na4 Nd7 11. Nc3 Bh5 12. a3 Qc7 13. b4 Nf6 14. Qa4 O-O 15. Nd2 Bxe2 16. Nxe2 {½-½ (37) Djerroud,C (1300)-Yousfi,Y (1551) Oran 2018}) 10. Ng1 (10. h3 $5 Bxf3 11. Bxf3 $11) 10... Bxe2 11. Ngxe2 Bg7 12. h3 O-O 13. O-O Nd7 14. b4 Nxb4 15. Rb1 Nc6 16. Rxb7 Na5 17. Rb1 Nc4 18. Qa4 Nxe3 19. fxe3 Bh6 20. Nf4 Nf6 21. Rb7 g5 (21... Nh5 $14) 22. Nd3 $16 {[%emt 0:11:57] Strongly threatening Ne5.} g4 23. Nf4 ({White should play} 23. Ne5 $1 $14 Bxe3+ 24. Kh2) 23... gxh3 $1 $11 24. gxh3 Bxf4 (24... Kh8 $11) 25. Rxf4 $14 (25. exf4 Kh8 26. Qd1 Rg8+ 27. Kh1 Qf8 $11) 25... Nh5 $1 26. Rg4+ Kh8 27. Qd1 ({White should try} 27. Qc6 $1 $14) 27... f5 $1 $11 28. Rg2 Qh4 29. Qf3 $36 {[%emt 0:01:14][%mdl 2048] Black is under pressure.} Rg8 30. Rbb2 Nf6 31. Na4 Raf8 32. Nb6 {[%emt 0:04:18] Active counter play!} Ne4 {[%emt 0:06:17] [#]} (32... Qe1+ $11 33. Kh2 Qh4) 33. Kh2 (33. Qf4 $1 $16 Qxh3 34. Qe5+ (34. Nd7 Ng3 $11) 34... Nf6 35. Nd7 (35. Qxe6 Qf3 $11)) 33... Ng5 34. Qg3 {[%emt 0:00:17] aiming for Nd7.} Qe4 (34... Qh5 $11 {keeps the balance.} 35. Rbf2 (35. Qe5+ $2 Rg7 $19) 35... Rf7) 35. Rbf2 $16 {[%emt 0:01:00] Black must now prevent Nd7.} f4 36. exf4 Nf7 37. Qh4 {[%emt 0:02:00] [#] Qf6+ would kill now.} Qxd4 38. Nd7 Rxg2+ 39. Rxg2 Rg8 40. Rxg8+ (40. Qf6+ $16 Qxf6 41. Rxg8+ (41. Nxf6 Rc8 $11) 41... Kxg8 42. Nxf6+ Kg7 43. Nd7) 40... Kxg8 $11 41. Qg4+ {[%emt 0:32:40] Weighted Error Value: White=0.15 (very precise) /Black=0.20 (precise)} 1/2-1/2

[Event "Summer Chess Classic-B 2022"]
[Site "Saint Louis"]
[Date "2022.06.06"]
[Round "5.1"]
[White "Vazquez, Guillermo"]
[Black "Harutyunyan, Tigran K."]
[Result "1-0"]
[ECO "C54"]
[WhiteElo "2557"]
[BlackElo "2550"]
[Annotator "TA"]
[PlyCount "205"]
[EventDate "2022.05.31"]
[EventType "tourn"]
[EventCountry "USA"]
[SourceTitle "playchess.com"]
[Source "ChessBase"]
[SourceQuality "1"]
[TimeControl "40/5400+30:1800+30"]

1. e4 e5 2. Nf3 Nc6 3. Bc4 Bc5 4. c3 Nf6 5. d3 d6 6. O-O a5 7. Re1 O-O 8. h3 h6 9. a3 Bb6 10. Nbd2 Ne7 11. Bb3 c6 12. d4 Ng6 13. Bc2 Re8 14. Nf1 exd4 15. cxd4 d5 16. e5 Ne4 $1 17. N1d2 Nxd2 18. Bxd2 Be6 19. Be3 Qd7 20. Qd3 Bd8 21. Nh2 Nf8 22. Nf1 (22. g4 $142) 22... Bh4 23. Rac1 f5 ({Black should try} 23... f6) 24. Ng3 $16 Bxg3 25. fxg3 Re7 26. Rf1 Rf7 27. Bd2 b6 28. Ba4 b5 (28... Rc8 $16 29. Qa6 b5) 29. Bc2 Ra7 30. Rf2 Qd8 31. Rcf1 Qc8 32. Kh2 Qd8 33. Qe3 Qc8 34. Qe1 Qd8 35. Rf3 Qb6 36. Qf2 Qd8 37. Bb1 Qe8 38. Bd3 Qc8 39. Rc1 (39. Bxf5 Bxf5 40. Rxf5 Rxf5 41. Qxf5 Qxf5 42. Rxf5 Ne6 $11) 39... Qe8 40. Qe1 Qa8 41. Qd1 Qe8 42. Qc2 Bd7 43. Be3 Qe6 (43... Rb7 $142 44. Rcf1 (44. Bxf5 Bxf5 45. Rxf5 Rxf5 $16) 44... Be6) 44. Rcf1 $18 Qe8 45. g4 ({Weaker is} 45. Bxf5 Bxf5 46. Rxf5 Rxf5 47. Qxf5 a4 $16) 45... f4 46. Bxf4 ({Don't do} 46. Rxf4 Rxf4 47. Rxf4 Rb7) 46... Be6 47. Bd2 Qa8 48. Bf5 Qe8 49. Qc5 Qc8 50. Qd6 Qe8 51. Rc1 Bd7 52. Bxd7 Rfxd7 53. Qxc6 Ne6 54. Rcf1 ({Not} 54. Qxb5 Nxd4 55. Qd3 Nxf3+ 56. gxf3 Qxe5+ 57. f4 Qe4 58. Rc8+ Kh7 59. Qxe4+ dxe4 $17) 54... Rac7 55. Qb6 Kh7 56. Qxb5 Rc4 57. Rf7 Rd8 58. Qxe8 Rxe8 59. Bc3 Nxd4 60. Rd1 Ne2 61. Rxd5 Nxc3 62. bxc3 Re6 63. Rxa5 Rxc3 64. Raa7 Rg6 65. Rf2 Re3 66. Ra5 Re6 67. Ra2 R6xe5 68. Rxe5 Rxe5 69. a4 Ra5 70. Kg3 Kg6 71. Kf4 Kf6 72. Ke4 Ke6 73. Kd4 Kd6 74. Kc4 Kc6 75. Kb4 Re5 76. a5 Re4+ (76... Kb7 $142 77. Rd2 Kc6) 77. Kc3 $18 Kb7 78. a6+ Ka7 79. Kd3 Rb4 80. Ke3 g5 (80... Rb6 $142 81. Ke4 Rf6) 81. Rf2 $18 Rb6 82. Ke4 Kxa6 83. Ke5 Kb7 84. Rf6 Rb5+ 85. Ke6 Kc7 86. Kf7 Rb2 87. Rxh6 Kd7 88. Kf6 Rxg2 89. Kxg5 Ke7 90. Rh7+ Kf8 91. h4 Ra2 92. h5 Ra5+ 93. Kh4 Kg8 94. Rb7 Ra4 95. h6 Ra1 96. Kh5 Ra6 97. Rb5 Kh7 {[%emt 0:00:21] [#]} 98. g5 $1 Ra8 99. g6+ Kg8 100. Kg5 Rf8 101. Rf5 Ra8 102. h7+ Kh8 103. Kh6 1-0

[Event "Summer Chess Classic-B 2022"]
[Site "Saint Louis"]
[Date "2022.06.06"]
[Round "5.2"]
[White "Checa, Nicolas"]
[Black "Ali Marandi, Cemil Can"]
[Result "0-1"]
[ECO "E97"]
[WhiteElo "2533"]
[BlackElo "2532"]
[Annotator "TA"]
[PlyCount "86"]
[EventDate "2022.05.31"]
[EventType "tourn"]
[EventCountry "USA"]
[SourceTitle "playchess.com"]
[Source "ChessBase"]
[SourceQuality "1"]
[TimeControl "40/5400+30:1800+30"]

1. d4 Nf6 2. c4 g6 3. Nc3 Bg7 4. e4 d6 5. Nf3 O-O 6. Be2 e5 7. O-O Nc6 8. Be3 b6 {[%emt 0:00:07] E97: King's Indian: Classical Main Line (6...e5 7 0-0 Nc6): 8 Be3 and 8 d5 Ne7, not 9 Ne1.} 9. d5 Ne7 10. Nd2 {[%emt 0:00:52] [#]} Ne8 $146 {[%emt 0:04:54] White is slightly better.} ({Predecessor:} 10... c5 11. Qc2 Ng4 12. Bxg4 Bxg4 13. f3 Bd7 14. a3 f5 15. b4 fxe4 16. Ndxe4 Nf5 17. Qd3 {½-½ (32) Galanov,S (2589)-Siikaluoma,A (2517) ICCF email 2010}) 11. b4 c5 12. dxc6 Nxc6 13. b5 Nd4 14. Nb3 Nxe2+ 15. Qxe2 f5 16. exf5 gxf5 17. f4 Be6 18. Rad1 (18. fxe5 {feels hotter.} Rc8 19. c5 Bxe5 20. Nd4) 18... Qc7 19. Nd5 Qf7 20. Bc1 Nf6 $1 21. Ne3 Ne4 22. Bb2 {[%emt 0:01:06] Prevents Nc3.} Rac8 23. Nd5 (23. Nd2 $11 {remains equal.}) 23... Rfe8 $17 {[%emt 0:00:34] ...Bxd5 is the strong threat.} 24. Qd3 Kh8 (24... Bh6 $1 $17 {aiming for ...Bxf4.} 25. fxe5 dxe5) 25. Kh1 Rg8 26. Rc1 (26. Qe2 $15) 26... Rce8 (26... a6 $1 $17 {[%cal Ra6b5] Strongly threatening ...axb5.} 27. Nd2 (27. Nxb6 $2 Rb8 $19) (27. bxa6 $2 b5 $19) 27... axb5 28. Nxe4 fxe4) 27. Ne3 (27. Rc2 $11) 27... Qh5 28. Kg1 Re7 (28... Qh4 $17) 29. Qd1 Qg6 $36 {[%emt 0:03:04][%mdl 2048] White is under pressure.} 30. Qf3 (30. Rc2 $1 $11) 30... Rf7 {[%emt 0:01:30] Black is more active.} ({Better is} 30... exf4 $17 31. Bxg7+ Qxg7 32. Qxf4 d5 33. cxd5 Bxd5) 31. Rcd1 $2 {[%emt 0:02:54][%mdl 8192] Now White is beyond hope.} ({White should try} 31. Qe2 $15) 31... exf4 $19 32. Bxg7+ Rfxg7 ({Stronger than} 32... Rgxg7 33. Qxf4 Bxc4 34. Rfe1 $17) 33. Qxf4 Bxc4 $1 34. Nd4 $2 {[%emt 0:01:55] [#]} (34. g3 Bxf1 35. Rxf1) 34... Bxf1 $2 (34... Qxg2+ $3 35. Nxg2 Rxg2+ 36. Kh1 Bd5 37. Qxe4 Bxe4 38. Nf3 {[#]} Rg1+ $3 39. Rxg1 Bxf3+ 40. Rg2 Bxg2+ 41. Kg1 Bf3+ 42. Kf2 Bxd1 43. Ke3 Re8+ 44. Kf2 d5 45. Kg3 d4 46. a4 Bxa4 47. h3 d3 48. Kg2 Bxb5 49. Kh2 d2 50. h4 d1=Q 51. Kh3 Qg4+ 52. Kh2 Re2+ 53. Kh1 Qg2#) 35. Rxf1 Ng5 {[%emt 0:04:07] ( -> ...Nh3+)} 36. Qh4 {[%emt 0:02:00] Prevents Nh3+.} (36. Qxf5 Rf7 37. Qxg6 Rxf1+ 38. Kxf1 hxg6 39. Ke2) 36... f4 37. Rxf4 Qb1+ 38. Rf1 Qxa2 {[%emt 0:00:38] And now ...Qd2 would win.} 39. Qg4 $2 {[%emt 0:02:28] [#]} (39. g3) 39... Ne6 $1 40. Qe4 Qa4 41. Nef5 (41. Qxe6 Qxd4 42. g3) 41... Rxg2+ 42. Kh1 {[%emt 0:00:04] [#]} Qa2 $1 43. Qh4 {[%emt 0:00:00] [#]} (43. Nf3 R2g4) 43... Rg1+ $3 {[%emt 0:00:00][%mdl 512] Weighted Error Value: White=1.01/Black=0.45} 0-1

[Event "Summer Chess Classic-B 2022"]
[Site "Saint Louis"]
[Date "2022.06.06"]
[Round "5.3"]
[White "Dragun, Kamil"]
[Black "Burke, John M"]
[Result "1/2-1/2"]
[ECO "D46"]
[WhiteElo "2571"]
[BlackElo "2579"]
[Annotator "TA"]
[PlyCount "87"]
[EventDate "2022.05.31"]
[EventType "tourn"]
[EventCountry "USA"]
[SourceTitle "playchess.com"]
[Source "ChessBase"]
[SourceQuality "1"]
[TimeControl "40/5400+30:1800+30"]

1. d4 d5 2. c4 e6 3. Nc3 c6 4. e3 Nf6 5. Nf3 Nbd7 6. Qc2 Bd6 7. Bd3 O-O 8. O-O dxc4 9. Bxc4 a6 10. Rd1 b5 11. Bd3 {[%emt 0:05:15] D46: Semi-Slav: 5 e3 Nbd7 6 Bd3, Black avoids the Meran.} Bb7 12. Ne5 (12. Ng5 {is more complex.} Bxh2+ 13. Kxh2 Ng4+ 14. Kg1) 12... Rc8 13. Nxd7 Qxd7 14. e4 e5 15. Bg5 exd4 {[%emt 0:09:51] [#] Strongly threatening ...Qe6.} 16. e5 Bxe5 {[%emt 0:00:45] And now ...Qd6 would win.} (16... dxc3 $2 17. Bf5 (17. exf6 g6 $17) (17. exd6 cxb2 18. Rab1 c5 $16) 17... cxb2 18. Rab1 $18 (18. Bxd7 bxa1=Q 19. Bxf6 Bxe5 $18)) 17. f4 Bc7 {[%emt 0:10:12] White must now prevent ...Qd6.} 18. Bxf6 gxf6 19. Bxh7+ Kg7 20. Bf5 {[%emt 0:00:41] Prevents Qg4.} Qe7 {[%emt 0:02:57] [#] ...Qe3+ is the strong threat.} 21. Qf2 {[%emt 0:07:38] Qg3+ would kill now.} Qe3 (21... dxc3 $2 {is a self mate.} 22. Qg3+ Kh8 23. Qh4+ Kg8 24. Qh7#) 22. Qxe3 ({Don't blunder} 22. Rxd4 $2 Qxf2+ 23. Kxf2 Bb6 $19) 22... dxe3 23. Bxc8 Bxc8 24. Ne2 $1 c5 $1 {[%emt 0:02:32] [#]} ({Resist} 24... Bg4 25. Kf1 $16) 25. b3 $146 ({Predecessor:} 25. Kf1 Be6 26. Rd3 Rh8 27. h3 Bc4 28. Rc3 Rh4 29. Rxe3 Bxf4 30. Rc3 Be5 31. Rc2 {½-½ (40) Oliveira,M (2171)-Oltean,D (2335) LSS email 2006}) 25... Bg4 26. Kf1 {[%emt 0:00:52] next Rac1 is good for White.} Ba5 27. h3 Bxe2+ 28. Kxe2 $11 {[%emt 0:00:07][%mdl 4096] Endgame aiming for Rd5. KRR-KRB} Bd2 29. a4 {[%emt 0:02:13] Threatening axb5.} Rc8 30. Ra2 f5 31. Rda1 {[%emt 0:02:49] Threatens to win with axb5.} c4 $1 {[%emt 0:01:11] The position is equal.} 32. bxc4 (32. Rc2 {with more complications.} Rc6 33. axb5 axb5 34. bxc4 bxc4 35. Ra8) 32... bxc4 (32... b4 {feels hotter.} 33. Rg1 Rxc4 34. Kf3 b3) 33. Rxd2 exd2 34. Kxd2 {[%emt 0:00:04] KR-KR} Rb8 35. Kc3 a5 36. Kxc4 Rb4+ 37. Kc5 Kf6 38. g3 Kg6 39. Ra3 Kf6 40. Kd5 Re4 41. Kc6 Rb4 42. Kc5 Kg6 43. Kc6 Kf6 44. Kc5 {[%emt 0:00:00] Weighted Error Value: White=0.03 (flawless) /Black=0.03 (flawless)} 1/2-1/2

[Event "Summer Chess Classic-B 2022"]
[Site "Saint Louis"]
[Date "2022.06.06"]
[Round "5.4"]
[White "Zhou, Jianchao"]
[Black "Yoo, Christopher Woojin"]
[Result "1/2-1/2"]
[ECO "A11"]
[WhiteElo "2589"]
[BlackElo "2535"]
[Annotator "TA"]
[PlyCount "152"]
[EventDate "2022.05.31"]
[EventType "tourn"]
[EventCountry "USA"]
[SourceTitle "playchess.com"]
[Source "ChessBase"]
[SourceQuality "1"]
[TimeControl "40/5400+30:1800+30"]

1. Nf3 d5 2. e3 Nf6 3. c4 c6 4. Nc3 e6 5. b3 Bd6 6. Bb2 O-O 7. Be2 b6 {[%emt 0:01:32] Recently 7...e5 got a lot of attention. A11: English Opening: 1...c6.} 8. Qc2 Bb7 9. cxd5 exd5 10. O-O Nbd7 11. d4 Qe7 12. Rac1 Rfe8 13. Rfd1 Rac8 14. Bd3 Ne4 {[%emt 0:06:18] [#]} 15. Qe2 $146 ({Predecessor:} 15. Bxe4 dxe4 16. Nd2 f5 17. Nc4 Bb8 18. Ne2 b5 19. Ba3 b4 20. Bb2 Nf6 21. Na5 Bxh2+ 22. Kxh2 {0-1 (59) Souza Filho,N (2116)-Rocha,J (2242) Vitoria 2005}) 15... f5 16. Ba6 Bxa6 17. Qxa6 Rc7 18. Ba3 Ndf6 19. Bxd6 Qxd6 20. Ne5 Nd7 21. f4 Nxc3 22. Rxc3 Nxe5 23. fxe5 Qh6 ({Better is} 23... Qe7 $1 $11) 24. Qf1 Qe6 25. Qf3 Rec8 26. h4 a5 27. Rf1 Rf7 28. h5 c5 29. Qf4 Rc6 30. a4 Rc8 31. Rc2 c4 32. Rc3 g6 (32... h6 $142) 33. h6 (33. Qg5 $142) 33... Rfc7 {[%emt 0:00:48] [#]} (33... Rd7 $142) 34. Rb1 ({White should try} 34. bxc4 $1 $16 Qe7 35. Qf3) 34... cxb3 (34... Kf8 $14) 35. Rcxb3 $16 Rc1+ 36. Kh2 Rxb1 (36... R1c6 $16) 37. Rxb1 {[%emt 0:00:04][%mdl 4096] Endgame KQR-KQR} Kf7 38. Qf3 (38. g4 $18 {is more deadly.}) 38... Ke7 39. Kg1 Kd7 (39... Ke8 $16) 40. Rb5 Rc1+ 41. Kh2 Kc6 42. Qf4 Rc3 43. Qg5 {[%emt 0:00:00] [#] aiming for Qd8.} Kd7 {[%emt 0:00:00] Inhibits Qd8+.} 44. Qf6 Qxf6 45. exf6 $11 {[%emt 0:00:02] KR-KR} Ke6 46. Rxb6+ Kf7 47. Rb7+ Kxf6 48. Rxh7 {[%emt 0:00:04] And now Rd7 would win.} Kg5 49. Ra7 Kxh6 50. Rxa5 Rxe3 51. Rxd5 Ra3 52. Ra5 Rd3 53. d5 Rd4 54. Kg3 Kg5 55. Kf3 Kf6 56. Ra6+ Ke5 57. d6 Rd3+ 58. Ke2 Rd5 (58... Rxd6 59. Rxd6 Kxd6 60. Ke3 Kc5 61. Kf4 Kb4 62. g3 Kxa4 63. Kg5) 59. Rb6 {[%emt 0:00:50] Rb5 is the strong threat.} Ke6 60. Ke3 Ra5 61. Rb4 Kxd6 62. Kf4 Ke6 63. Kg5 Kf7 64. Rb7+ Kg8 65. Kxg6 Ra6+ 66. Kxf5 {[%emt 0:00:12] Black must now prevent Rb4.} Rxa4 67. Rb6 Kf7 68. g4 Ra5+ 69. Kf4 Kg7 70. Kg3 Rc5 71. Kh4 Ra5 72. g5 Ra1 {[%emt 0:00:00] The position is equal.} 73. Rb7+ Kg6 74. Rb6+ Kg7 75. Rb7+ Kg6 76. Rb6+ Kg7 {[%emt 0:00:00] Weighted Error Value: White=0.10 (very precise) /Black=0.11 (very precise)} 1/2-1/2

[Event "Summer Chess Classic-B 2022"]
[Site "Saint Louis"]
[Date "2022.06.06"]
[Round "5.5"]
[White "Jacobson, Brandon"]
[Black "Antipov, Mikhail Al."]
[Result "1/2-1/2"]
[ECO "D90"]
[WhiteElo "2526"]
[BlackElo "2592"]
[Annotator "TA"]
[PlyCount "212"]
[EventDate "2022.05.31"]
[EventType "tourn"]
[EventCountry "USA"]
[SourceTitle "playchess.com"]
[Source "ChessBase"]
[SourceQuality "1"]
[TimeControl "40/5400+30:1800+30"]

1. d4 Nf6 2. c4 g6 3. Nc3 d5 4. Nf3 Bg7 5. Qa4+ Bd7 6. Qb3 dxc4 7. Qxc4 O-O 8. Bf4 c6 9. e4 Qa5 10. b4 Qd8 11. a4 a5 12. b5 Be6 13. Qd3 cxb5 14. axb5 (14. Qxb5 Nc6 15. Rd1 Nb4 $15) 14... Nbd7 15. Be2 Bb3 16. h3 Nh5 17. Bh2 Rc8 18. Qe3 e5 19. Nxe5 Nxe5 20. dxe5 Qe7 $1 21. Nd5 (21. Rxa5 $2 Qb4 22. O-O Rxc3 $19) 21... Bxd5 22. exd5 Qb4+ $1 23. Qd2 Rfe8 $2 (23... Qxd2+ $1 $14 24. Kxd2 Bh6+ 25. Kd3 Nf4+ 26. Bxf4 Bxf4) 24. f4 (24. Qxb4 $18 axb4 25. f4) 24... Nxf4 (24... Qe4 $16 {was necessary.} 25. O-O (25. Rxa5 $2 Qxg2 26. Rf1 Qxh2 $19) 25... Rc2) 25. Bxf4 $18 Bxe5 26. Bxe5 Rxe5 27. Qxb4 axb4 28. Kf2 Rc2 29. Rhe1 $1 ({Weaker is} 29. Ra8+ Kg7 30. Re1 Rxd5 $11) 29... Rxd5 30. Rab1 Rxb5 31. Rb3 Rf5+ 32. Kg1 Re5 33. Kf1 Re4 34. Bf3 Rxe1+ 35. Kxe1 Rc4 36. Bxb7 Kg7 37. Kd2 h5 38. Ba6 Rh4 39. Bf1 Rf4 40. Be2 (40. Ke1 $142) 40... Rf2 $16 41. g3 Rh2 42. h4 ({Much weaker is} 42. Rxb4 Rxh3 43. g4 Rh4 $11) 42... Rh3 (42... f5 $16) 43. Bf1 $18 ({Don't do} 43. Rxb4 $6 Rxg3 44. Ke1 g5 $14) 43... Rh2+ 44. Ke3 Rc2 45. Rxb4 Rc7 (45... Rc1 $142) 46. Bc4 $18 Re7+ 47. Kd4 Ra7 48. Ke5 Re7+ 49. Kd4 Ra7 $1 50. Bd5 Re7 $2 (50... Ra3 51. Bb3 Ra7) 51. Rb3 Ra7 (51... Re1 {keeps fighting.} 52. Rb7 Rd1+ 53. Ke5 Re1+ 54. Kd4 Rf1) 52. Ke5 Re7+ 53. Kd6 Ra7 54. Re3 Ra6+ 55. Ke7 Ra5 56. Kd6 Ra6+ 57. Bc6 Ra7 58. Bb5 Ra5 59. Bd3 Ra3 60. Rf3 Rc3 $2 (60... Ra4 {might work better.} 61. Bb5 Rd4+ 62. Ke5 Rd1) 61. Ke5 (61. Be4 $142 Rc1 62. Bd5) 61... Ra3 62. Be4 Ra7 63. Rb3 Re7+ 64. Kd4 Ra7 65. Bb7 Ra5 66. Bd5 $2 (66. Ke3) 66... Ra7 $1 $18 67. Ke5 (67. Rb7 $142 Rxb7 68. Bxb7) 67... Re7+ $1 $18 {[%emt 0:00:23] [#]} 68. Kd6 (68. Kf4 $142 $1) 68... Ra7 $1 $18 69. Bb7 Kf8 70. Kd7 (70. Bf3 $18 {has better winning chances.}) 70... Ra5 (70... Kg7 $16 71. Kd6 f6) 71. Kd6 Ra7 $1 72. Bd5 Kg7 $1 73. Ke5 Re7+ $1 {[%emt 0:00:04] [#]} 74. Kf4 $1 Rd7 75. Rd3 Ra7 76. Rd4 Rd7 77. Rd1 Ra7 78. Rc1 Re7 79. g4 (79. Rb1 $18) 79... hxg4 $16 80. Kxg4 Rd7 81. Rc5 Re7 82. Bf3 Ra7 83. h5 gxh5+ 84. Rxh5 Ra4+ 85. Kg3 Rd4 86. Re5 Rd6 87. Bd5 Rf6 88. Kg4 Kf8 89. Bc4 Kg7 90. Bd3 Kf8 91. Bf5 Kg7 92. Re7 Rb6 93. Ra7 Rd6 94. Kf4 Rb6 95. Be4 Rf6+ 96. Ke5 Re6+ 97. Kd4 Rf6 98. Bd5 Rf4+ 99. Ke5 Rf1 100. Kd6 Rf6+ 101. Kd7 Rf5 102. Ra5 Re5 103. Kd6 Rf5 104. Ra1 Rf2 105. Bc4 Rf4 106. Rc1 $1 Kf8 1/2-1/2

[Event "Summer Chess Classic-B 2022"]
[Site "Saint Louis"]
[Date "2022.06.07"]
[Round "6.1"]
[White "Harutyunyan, Tigran K."]
[Black "Antipov, Mikhail Al."]
[Result "0-1"]
[ECO "B36"]
[WhiteElo "2550"]
[BlackElo "2592"]
[Annotator "TA"]
[PlyCount "74"]
[EventDate "2022.05.31"]
[EventType "tourn"]
[EventCountry "USA"]
[SourceTitle "playchess.com"]
[Source "ChessBase"]
[SourceQuality "1"]
[TimeControl "40/5400+30:1800+30"]

1. Nf3 Nf6 2. c4 g6 3. Nc3 c5 4. e4 Nc6 5. d4 cxd4 6. Nxd4 d6 7. Be2 Nxd4 8. Qxd4 Bg7 9. Be3 O-O 10. Qd2 a5 {[%emt 0:00:05] B36: Sicilian: Maroczy Bind: Gurgenidze System.} 11. f3 a4 12. Rb1 Be6 {[%emt 0:00:59] White has an edge.} 13. Nb5 Nd7 14. O-O Qa5 15. Qxa5 Rxa5 16. Nc7 Rc8 17. Nxe6 fxe6 18. f4 Nf6 {[%emt 0:09:21] [#]} 19. e5 $146 ({Predecessor:} 19. Rfe1 h5 20. Bd2 Raa8 21. Bd3 Ng4 22. e5 Kf7 23. Bc3 Re8 24. Be4 Rac8 25. Bxb7 Rxc4 {1-0 (36) Pourramezanali,A (2538)-Pilvaieh,A (2152) Bandar e Anzali 2018}) 19... dxe5 20. Bd2 Raa8 21. fxe5 Nd7 22. Bg5 Nxe5 23. b3 axb3 24. axb3 Ra2 25. Rbe1 Nf7 26. Bxe7 Bc3 27. Bg4 ({White should play} 27. Bf3 $15 Bxe1 28. Rxe1) 27... Bxe1 $17 28. Rxe1 Re8 $1 29. Rxe6 {[%emt 0:01:56] Now White is beyond hope.} (29. Bf6 $17) 29... Nh6 $19 30. Bf3 Ra1+ $1 ({Worse is} 30... Kf7 {[#]} 31. Bd5 $1 Raa8 32. Kf2 $1 $11) 31. Kf2 Kf7 $1 32. Bd5 Rd1 ({Less strong is} 32... Ng4+ 33. Kg3 Rxe7 34. Re1+ Kf6 35. Rxa1 $16) 33. Rb6+ $2 (33. Re5+ {keeps fighting.} Rxd5 34. Rxd5 Rxe7 35. Kf3) 33... Kxe7 34. Rxb7+ (34. Ke2 $142 Rb1 35. Kd3) 34... Kf6 {[%emt 0:00:09] ...Rd2+ is the strong threat.} 35. Rxh7 Ng4+ (35... Rd2+ $142 36. Kg3 Nf5+ 37. Kh3 Re3+ 38. Bf3 Rxb3) 36. Kg3 Re3+ 37. Kh4 Ne5 {[%emt 0:00:30] Inhibits Rf7+.  Weighted Error Value: White=0.89/Black=0.29 (precise)} 0-1